[Event "Titled Tuesday Blitz August 1 Early 2023"]
[White "Nareks, Matic"]
[Black "Feliz Dotel, Dewar Bienvenido"]
[WhiteFideId "14629526"]
[BlackFideId "6402801"]
[WhiteElo "2445"]
[BlackElo "2137"]
[Result "1-0"]
[Round "6"]
[TimeControl "180+1"]
[Date "2023.08.01"]
[WhiteClock "0:00:37"]
[BlackClock "0:00:00"]
[Board "177"]

1. e4 e5 2. Bc4 Nf6 3. d3 Be7 4. Nc3 c6 5. Nf3 d6 6. O-O Bg4 7. h3 Bxf3 8. Qxf3 b5 9. Bb3 a5 10. a4 b4 11. Ne2 Nbd7 12. Ng3 Nc5 13. Bc4 O-O 14. Nf5 d5 15. exd5 cxd5 16. Bb5 e4 17. Qg3 Ne6 18. Re1 Nh5 19. Nxe7+ Qxe7 20. Qe5 Nf6 21. Bg5 exd3 22. cxd3 Ra7 23. Be3 Rc7 24. Bb6 Rc2 25. Bxa5 Qc5 26. Re2 Rxe2 27. Qxe2 Rc8 28. Qd2 Nd4 29. Bxb4 Qc7 30. Rd1 Qe5 31. Re1 Qf5 32. Bc3 Nxb5 33. axb5 h6 34. b6 Rb8 35. Qe3 Nd7 36. Bd4 Qg6 37. Qe7 Nxb6 38. Qc7 1-0


[Site "https://www.chess.com"]

[Event "Titled Tuesday Blitz August 1 Early 2023"]
[White "Willy, Stephen"]
[Black "Preobrazhenska_D2011"]
[WhiteFideId "30981468"]
[WhiteElo "2444"]
[BlackElo "2094"]
[Result "1-0"]
[Round "6"]
[TimeControl "180+1"]
[Date "2023.08.01"]
[WhiteClock "0:01:31"]
[BlackClock "0:00:01"]
[Board "178"]

1. e4 c5 2. Nc3 a6 3. d4 cxd4 4. Qxd4 Nc6 5. Qd3 d6 6. f4 e5 7. Nf3 Be7 8. Nd5 Be6 9. Be3 Bxd5 10. exd5 Nb4 11. Qb3 exf4 12. Bd4 Qa5 13. Bc3 Qxd5 14. Qxb4 Nf6 15. Bd3 O-O 16. O-O Qh5 17. Qxb7 Rfe8 18. Rae1 Kf8 19. Rxe7 Reb8 20. Qc7 Nd5 21. Re5 dxe5 22. Qd6+ Ne7 23. Nxe5 Rd8 24. Nd7+ Rxd7 25. Qxd7 Qc5+ 26. Kh1 Kg8 27. Rxf4 Rf8 28. Bb4 Qe3 29. Qxe7 Qxf4 30. Qxf8# 1-0


[Site "https://www.chess.com"]

[Event "Titled Tuesday Blitz August 1 Early 2023"]
[White "Avazkhonov, Alikhon"]
[Black "Gyulamiryan-koryun"]
[WhiteFideId "14208504"]
[WhiteElo "2435"]
[BlackElo "2080"]
[Result "0-1"]
[Round "6"]
[TimeControl "180+1"]
[Date "2023.08.01"]
[WhiteClock "0:00:37"]
[BlackClock "0:00:16"]
[Board "179"]

1. d4 Nf6 2. c4 e6 3. Nc3 d5 4. cxd5 exd5 5. Bg5 c6 6. e3 Bd6 7. Bd3 Nbd7 8. Qc2 h6 9. Bh4 O-O 10. Nf3 Re8 11. O-O-O b5 12. g4 b4 13. Ne2 c5 14. g5 hxg5 15. Nxg5 c4 16. Bh7+ Kf8 17. Rhg1 b3 18. Qf5 bxa2 19. Kc2 Nc5 20. dxc5 Bxf5+ 21. Bxf5 Be5 22. f4 Qb8 23. fxe5 Qb3+ 24. Kd2 Qxb2+ 25. Bc2 Rxe5 26. Nf3 Ne4+ 27. Ke1 a1=Q 28. Nxe5 Qa5+ 29. Kf1 Qxe5 30. Nd4 Qxh2 31. Nf3 Qh3+ 32. Ke2 Nc3+ 33. Kf2 Nxd1+ 34. Bxd1 Qa2+ 35. Be2 Re8 36. c6 c3 37. c7 Qd7 38. Bd8 Rxd8 39. cxd8=Q+ Qxd8 40. Rh1 Qb6 41. Rh8+ Ke7 42. Rh5 d4 43. exd4 c2 44. Re5+ Kf8 45. Kg3 c1=Q 46. Ng5 Qg6 47. Kh4 Qgxg5+ 48. Rxg5 Qxg5+ 49. Kxg5 Qxe2 50. d5 Qc4 51. d6 Qd5+ 52. Kg4 Qxd6 53. Kf3 Ke7 54. Kg2 Kf6 55. Kg1 Kf5 0-1


[Site "https://www.chess.com"]

[Event "Titled Tuesday Blitz August 1 Early 2023"]
[White "Kirillov, Dmitry"]
[Black "Lohani, Sujana"]
[WhiteFideId "34180572"]
[BlackFideId "12311987"]
[WhiteElo "2434"]
[BlackElo "1961"]
[Result "1-0"]
[Round "6"]
[TimeControl "180+1"]
[Date "2023.08.01"]
[WhiteClock "0:00:51"]
[BlackClock "0:00:00"]
[Board "180"]

1. d4 Nf6 2. Nf3 d6 3. g3 g6 4. Bg2 Bg7 5. O-O O-O 6. c4 c5 7. Nc3 cxd4 8. Nxd4 a6 9. b3 Qc7 10. Bb2 Nc6 11. Nc2 Rb8 12. Ne3 Be6 13. Rc1 Qd7 14. Ned5 Bxd5 15. cxd5 Ne5 16. h3 h5 17. f4 Neg4 18. hxg4 Nxg4 19. Qd2 Qd8 20. Bf3 Qb6+ 21. Kh1 Ne3 22. Rg1 Nf5 23. Na4 Qf2 24. Rg2 Nxg3+ 25. Kh2 Nf1+ 26. Rxf1 Qxf1 27. Bxg7 Kxg7 28. Qd4+ Kg8 29. Rg1 e5 30. dxe6 Qxg1+ 31. Qxg1 b5 32. exf7+ Kxf7 33. Bd5+ Kf6 34. Qg5+ Kg7 35. Nc3 Rf5 36. Qe7+ Kh6 37. e3 1-0


[Site "https://www.chess.com"]

[Event "Titled Tuesday Blitz August 1 Early 2023"]
[White "Acikel, Mert"]
[Black "Eynullayev, Atilla"]
[WhiteFideId "12956465"]
[BlackFideId "13413570"]
[WhiteElo "2321"]
[BlackElo "2499"]
[Result "0-1"]
[Round "6"]
[TimeControl "180+1"]
[Date "2023.08.01"]
[WhiteClock "0:01:51"]
[BlackClock "0:01:16"]
[Board "181"]

1. e4 c6 2. Nc3 d5 3. Nf3 Bg4 4. h3 Bxf3 5. Qxf3 e6 6. Be2 Nf6 7. O-O Bc5 8. d3 O-O 9. Bf4 Bd4 10. Rfe1 Nbd7 11. Bd2 Ne5 12. Qg3 Ng6 13. Rab1 dxe4 14. Nxe4 Nxe4 15. dxe4 Bxf2+ 16. Qxf2 Qxd2 17. Bd3 Qxf2+ 18. Kxf2 Rfd8 19. Rbd1 Ne5 20. Be2 Kf8 21. c4 c5 22. a3 a5 23. Ke3 Ke7 24. Kf4 f6 25. h4 Rd4 26. Rxd4 cxd4 27. Rd1 Rd8 28. b3 g6 29. g4 h6 30. c5 g5+ 31. Kg3 d3 32. Bf1 Rd4 33. hxg5 hxg5 34. Bg2 d2 35. Bf3 Rd3 0-1


[Site "https://www.chess.com"]

[Event "Titled Tuesday Blitz August 1 Early 2023"]
[White "Lehtosaari, Mauri"]
[Black "SicilianPanzer"]
[WhiteFideId "501999"]
[WhiteElo "2488"]
[BlackElo "2309"]
[Result "0-1"]
[Round "6"]
[TimeControl "180+1"]
[Date "2023.08.01"]
[WhiteClock "0:00:00"]
[BlackClock "0:00:03"]
[Board "182"]

1. d4 Nf6 2. Nf3 c5 3. c3 g6 4. Bg5 Bg7 5. e3 O-O 6. Nbd2 b6 7. Bc4 Bb7 8. O-O h6 9. Bh4 e6 10. a4 a6 11. Qc2 d6 12. Rfd1 Qe7 13. Qb3 Nbd7 14. h3 e5 15. dxe5 dxe5 16. Qc2 e4 17. Nh2 g5 18. Bg3 Nh5 19. Ndf1 Nxg3 20. Nxg3 Be5 21. Nf5 Bxh2+ 22. Kxh2 Qe5+ 23. Ng3 Rad8 24. Kg1 Kh7 25. Nh5 Kg6 26. Qe2 a5 27. Rd2 Nf6 28. Nxf6 Qxf6 29. Rad1 Bc6 30. Bb5 Rxd2 31. Rxd2 Bxb5 32. Qxb5 Rd8 33. Rxd8 Qxd8 34. Qc6+ Kg7 35. Qxe4 Qd1+ 36. Kh2 Qd6+ 37. g3 Qd2 38. Qe5+ Kg8 39. Kg2 Qxb2 40. Qe8+ Kg7 41. Qe5+ Kg8 42. h4 gxh4 43. gxh4 Qc2 44. Qb8+ Kg7 45. Qxb6 Qxa4 46. Qxc5 Qg4+ 47. Kh2 Qxh4+ 48. Kg1 Qg4+ 49. Kf1 Qd1+ 50. Kg2 Qg4+ 51. Kh2 a4 52. c4 Qf3 53. Qd4+ Qf6 54. Qg4+ Kh7 55. Qe4+ Kg7 56. Qd3 Qxf2+ 57. Kh3 Qf3+ 58. Kh2 Qf6 59. c5 Qb2+ 60. Kh3 a3 61. c6 a2 0-1


[Site "https://www.chess.com"]

[Event "Titled Tuesday Blitz August 1 Early 2023"]
[White "NicolaiMaxime"]
[Black "Miguelitro69"]
[WhiteElo "2484"]
[BlackElo "2297"]
[Result "0-1"]
[Round "6"]
[TimeControl "180+1"]
[Date "2023.08.01"]
[WhiteClock "0:00:00"]
[BlackClock "0:00:12"]
[Board "183"]

1. e4 c5 2. b3 e5 3. Bb2 Nc6 4. Bb5 d6 5. f4 exf4 6. Nf3 Bd7 7. O-O Nge7 8. d4 Ng6 9. Bxc6 Bxc6 10. d5 Bd7 11. Nbd2 Be7 12. Bxg7 Rg8 13. Bb2 Qc7 14. e5 Nxe5 15. Nxe5 dxe5 16. Nc4 f6 17. Qh5+ Kf8 18. Rad1 Bd6 19. Qxh7 b5 20. Nd2 Bg4 21. Qxc7 Bxc7 22. Rde1 Bf5 23. Ne4 Bxe4 24. Rxe4 Rd8 25. c4 b4 26. Kh1 Rg6 27. a3 bxa3 28. Bxa3 Bd6 29. Ra1 Rb8 30. Rb1 f5 31. Re2 e4 32. Bc1 Ke7 33. Bd2 Kf6 34. Bc3+ Be5 35. Bxe5+ Kxe5 36. Ra2 Rb7 37. Ra5 Rc7 38. Rd1 e3 39. Kg1 Ke4 40. Kf1 f3 41. gxf3+ Kxf3 42. Ra2 Rcg7 43. Rf2+ exf2 44. Rd3+ Ke4 45. Rh3 Rb6 46. Kxf2 f4 47. Ke2 Kd4 48. Kf1 Re7 49. Rf3 Re4 50. Kf2 Ke5 51. h4 Re3 52. Rxe3+ fxe3+ 53. Kxe3 Rxb3+ 54. Kd2 Rh3 55. d6 Kxd6 56. Kc2 Rxh4 57. Kb2 Rh3 58. Kc2 Ke5 59. Kd2 Kd4 60. Kc2 Kxc4 61. Kb2 a5 0-1


[Site "https://www.chess.com"]

[Event "Titled Tuesday Blitz August 1 Early 2023"]
[White "Swicarz, Maciej"]
[Black "Barwinska, Ewa"]
[WhiteFideId "1113585"]
[BlackFideId "21833761"]
[WhiteElo "2409"]
[BlackElo "2283"]
[Result "1-0"]
[Round "6"]
[TimeControl "180+1"]
[Date "2023.08.01"]
[WhiteClock "0:01:48"]
[BlackClock "0:00:08"]
[Board "185"]

1. c4 c5 2. Nf3 Nc6 3. Nc3 Nf6 4. g3 e5 5. Bg2 d5 6. cxd5 Nxd5 7. Nxe5 Nxc3 8. Nxc6 Nxd1 9. Nxd8 Nxf2 10. Nxf7 Nd3+ 11. exd3 Kxf7 12. Rf1+ Ke8 13. d4 cxd4 14. Ke2 Bc5 15. Kd3 b6 16. Bd5 Ba6+ 17. Bc4 Bb7 18. b3 Rf8 19. Bb2 Rd8 20. Rae1+ Kd7 21. Rxf8 Rxf8 22. Bxd4 Bxd4 23. Kxd4 Rf2 24. Re2 Rf6 25. Ke3 Rf3+ 26. Kd4 Rf6 27. d3 a6 28. a4 Rd6+ 29. Ke3 Rf6 30. Rf2 Rxf2 31. Kxf2 Kc6 32. d4 b5 33. axb5+ axb5 34. Be2 Kd5 35. Bf3+ Kxd4 36. Bxb7 Kc3 37. Bd5 Kd4 38. Bg8 h6 39. Kf3 b4 40. Kf4 g5+ 41. Kf5 Ke3 42. Kg6 Kf2 43. Kxh6 Kg2 44. Kxg5 Kxh2 45. g4 Kg3 46. Kf5 1-0


[Site "https://www.chess.com"]

[Event "Titled Tuesday Blitz August 1 Early 2023"]
[White "Schut, Han"]
[Black "Krzywda, Andrzej"]
[WhiteFideId "1005561"]
[BlackFideId "1114565"]
[WhiteElo "2267"]
[BlackElo "2401"]
[Result "1-0"]
[Round "6"]
[TimeControl "180+1"]
[Date "2023.08.01"]
[WhiteClock "0:00:26"]
[BlackClock "0:00:00"]
[Board "186"]

1. e4 e5 2. Nf3 Nf6 3. Bc4 Nxe4 4. Nc3 Nxc3 5. dxc3 f6 6. Nh4 g6 7. f4 f5 8. Nxf5 d5 9. Bxd5 Bxf5 10. Bxb7 Nd7 11. Bxa8 Qxa8 12. O-O Bc5+ 13. Kh1 O-O 14. fxe5 Nxe5 15. Bf4 Ng4 16. Qe2 Re8 17. Qc4+ Kg7 18. Qxc5 Be4 19. Qg1 Bxc2 20. h3 Nf6 21. Rae1 Bd3 22. Rxe8 Qxe8 23. Re1 Qc6 24. Re7+ Kf8 25. Qe3 Nd5 26. Bh6+ Kg8 27. Qe6+ Qxe6 28. Rxe6 Kf7 29. Rc6 Bb1 30. c4 Nb4 31. Rxc7+ Ke6 32. Rxa7 Nxa2 33. Rxh7 g5 34. Ra7 Nb4 35. Bxg5 Nd3 36. b3 Kf5 37. Be3 Ke4 38. Bg1 Nf4 39. b4 Kd3 40. c5 Kc4 41. c6 Be4 42. c7 Nxg2 43. c8=Q+ Kb3 44. Kh2 Ne1 45. Bd4 Nf3+ 46. Kg3 Nxd4 47. Qg8+ Kb2 48. Qc4 1-0


[Site "https://www.chess.com"]

[Event "Titled Tuesday Blitz August 1 Early 2023"]
[White "Rodriguez Fontecha, Marcos"]
[Black "Putri, Regita Desyari"]
[WhiteFideId "2256576"]
[BlackFideId "7109083"]
[WhiteElo "2395"]
[BlackElo "2233"]
[Result "0-1"]
[Round "6"]
[TimeControl "180+1"]
[Date "2023.08.01"]
[WhiteClock "0:00:53"]
[BlackClock "0:00:09"]
[Board "187"]

1. e4 e5 2. Nf3 Nc6 3. d4 exd4 4. Bc4 Nf6 5. e5 d5 6. Bb5 Ne4 7. Bxc6+ bxc6 8. Nxd4 Bc5 9. O-O Bxd4 10. Qxd4 O-O 11. Nd2 Bf5 12. Nf3 Re8 13. Qa4 Re6 14. Bf4 Rg6 15. Nd4 Qd7 16. Rae1 c5 17. Qxd7 Bxd7 18. Nb3 Bb5 19. Rxe4 Bxf1 20. Re1 Bb5 21. Nxc5 a5 22. Nb3 a4 23. Nd4 Bd7 24. a3 Rb6 25. Bc1 c5 26. Nf3 h6 27. Nd2 Be6 28. f4 g6 29. h3 h5 30. Nf3 Bf5 31. Re2 Rd8 32. Ng5 d4 33. Ne4 Bxe4 34. Rxe4 Rd5 35. e6 fxe6 36. Re5 Rxe5 37. fxe5 Kf7 38. Kf2 Rb8 39. Kf3 Rd8 40. Ke4 Rd5 41. g3 c4 42. h4 d3 43. cxd3 Rxd3 44. Kf4 Rd1 45. Be3 Rb1 46. Bd4 Rd1 47. Bc3 Rd3 48. Ke4 Ke7 49. Kf4 Kd7 50. Bb4 Kc6 51. Bc3 Kd5 52. Bb4 Rd1 53. Kg5 Rd3 54. Kxg6 Rxg3+ 55. Kxh5 Kxe5 56. Bc3+ Kf5 57. Kh6 e5 58. h5 e4 59. Kh7 e3 60. h6 e2 61. Kh8 Rxc3 62. bxc3 e1=Q 63. h7 Kg6 64. Kg8 Qe6+ 65. Kf8 Qf6+ 66. Ke8 Kxh7 67. Kd7 Kg6 68. Kc7 Kf7 69. Kd7 Qe6+ 70. Kc7 Ke7 71. Kb7 Qd6 72. Kc8 Qxa3 73. Kb7 Qxc3 74. Kc6 Qb3 75. Kc5 a3 76. Kc6 a2 77. Kc5 a1=Q 78. Kc6 Qa6+ 79. Kc5 Qbb5+ 80. Kd4 Qd6+ 81. Kc3 Qb3# 0-1


[Site "https://www.chess.com"]

[Event "Titled Tuesday Blitz August 1 Early 2023"]
[White "Amanov, Zhanibek"]
[Black "campochess"]
[WhiteFideId "13700189"]
[WhiteElo "2378"]
[BlackElo "2221"]
[Result "1-0"]
[Round "6"]
[TimeControl "180+1"]
[Date "2023.08.01"]
[WhiteClock "0:00:22"]
[BlackClock "0:01:02"]
[Board "188"]

1. e4 c5 2. Nf3 Nc6 3. Bb5 e5 4. Bxc6 dxc6 5. Nxe5 Qg5 6. d4 Qxg2 7. Qf3 Qxf3 8. Nxf3 cxd4 9. Nxd4 Nf6 10. Nc3 Bb4 11. f3 h6 12. Bd2 Bd7 13. e5 Bxc3 14. Bxc3 Nd5 15. Bd2 O-O-O 16. Kf2 Rde8 17. Rae1 Nc7 18. Rhg1 g5 19. f4 gxf4 20. Bxf4 Ne6 21. Be3 Rhg8 22. Nf5 Kb8 23. Nxh6 Rxg1 24. Rxg1 Nd8 25. Bf4 Be6 26. b3 b5 27. Ng4 Nb7 28. Nf6 Rd8 29. Rg8 Kc7 30. h4 Rxg8 31. Nxg8 Bg4 32. e6+ Kd8 33. exf7 1-0


[Site "https://www.chess.com"]

[Event "Titled Tuesday Blitz August 1 Early 2023"]
[White "ChesscularGodofchess"]
[Black "kripri"]
[WhiteElo "2211"]
[BlackElo "2369"]
[Result "1-0"]
[Round "6"]
[TimeControl "180+1"]
[Date "2023.08.01"]
[WhiteClock "0:00:15"]
[BlackClock "0:00:08"]
[Board "189"]

1. d4 d5 2. Nf3 Nf6 3. Nbd2 e6 4. e3 Be7 5. b3 O-O 6. Bb2 c5 7. dxc5 Bxc5 8. Bd3 Nc6 9. a3 Re8 10. b4 Bb6 11. c4 dxc4 12. Nxc4 Bc7 13. O-O a6 14. Qc2 e5 15. Rfd1 Qe7 16. Be2 Bg4 17. h3 Bh5 18. Rac1 Bg6 19. Qb3 Rad8 20. Rxd8 Rxd8 21. Rd1 Rxd1+ 22. Bxd1 e4 23. Nd4 Ne5 24. Be2 Nxc4 25. Bxc4 Qd6 26. g3 b5 27. Bf1 h5 28. Qc3 h4 29. Ne2 hxg3 30. Nxg3 Qd7 31. Bg2 Qd1+ 32. Kh2 Bxg3+ 33. Kxg3 Qg1 34. Qc8+ Kh7 35. Bxf6 gxf6 36. Qxa6 Qd1 37. Qxb5 Qd6+ 38. Kh4 f5 39. Qc5 Qf6+ 40. Kg3 Qg5+ 41. Kh2 Bh5 42. Bxe4 Bg6 43. Bg2 Qh4 44. Qe5 Qxf2 45. Qf4 Qa2 46. Qh4+ Kg7 47. Qd4+ Kh7 48. Qh4+ Kg7 49. Qd4+ Kg8 50. b5 Qxa3 51. b6 Qa6 52. b7 Qa7 53. Qd8+ Kg7 54. Qd4+ Qxd4 55. exd4 f4 56. b8=Q Bf5 57. Qe5+ Kg6 58. Qxf4 Kf6 59. Be4 Ke6 60. Qxf5+ Kd6 61. Qe5+ 1-0


[Site "https://www.chess.com"]

[Event "Titled Tuesday Blitz August 1 Early 2023"]
[White "le-castor-faineant"]
[Black "Rodriguez Santiago, Jaime"]
[BlackFideId "3100898"]
[WhiteElo "2194"]
[BlackElo "2362"]
[Result "0-1"]
[Round "6"]
[TimeControl "180+1"]
[Date "2023.08.01"]
[WhiteClock "0:01:33"]
[BlackClock "0:01:36"]
[Board "190"]

1. e4 c6 2. d4 d5 3. Nc3 dxe4 4. Nxe4 Nf6 5. Nxf6+ exf6 6. c3 Bd6 7. Bd3 O-O 8. Ne2 Re8 9. Qc2 h5 10. Bd2 Nd7 11. O-O-O Nf8 12. h4 Be6 13. Kb1 b5 14. Nf4 Bxf4 15. Bxf4 Qd5 16. b3 a5 17. Be4 Qd7 18. Bf3 Bf5 19. Rd3 a4 20. Kb2 axb3 21. axb3 Qa7 22. Rb1 Qa3# 0-1


[Site "https://www.chess.com"]

[Event "Titled Tuesday Blitz August 1 Early 2023"]
[White "sterpfi"]
[Black "Adury, Anant"]
[BlackFideId "30964687"]
[WhiteElo "2183"]
[BlackElo "2357"]
[Result "1-0"]
[Round "6"]
[TimeControl "180+1"]
[Date "2023.08.01"]
[WhiteClock "0:01:22"]
[BlackClock "0:01:24"]
[Board "191"]

1. e4 e5 2. Nf3 Nf6 3. Nc3 Nc6 4. d4 exd4 5. Nxd4 Bb4 6. Nxc6 dxc6 7. Qxd8+ Kxd8 8. Bd2 Be6 9. a3 Bxc3 10. Bxc3 Ke7 11. f3 c5 12. O-O-O Rhd8 13. Be2 Ne8 14. Rxd8 Rxd8 15. Rd1 Rxd1+ 16. Kxd1 f6 17. f4 b6 18. Bf3 Bd7 19. Ke2 Bc6 20. Ke3 g6 21. g4 Ng7 22. e5 Bxf3 23. exf6+ Kf7 24. Kxf3 Ne8 25. Ke4 c6 26. Be5 Nxf6+ 27. Bxf6 Kxf6 28. c4 a5 29. a4 h5 30. h3 h4 31. f5 g5 32. b3 1-0


[Site "https://www.chess.com"]

[Event "Titled Tuesday Blitz August 1 Early 2023"]
[White "Romero Arzuaga, Yudel"]
[Black "cycygogne"]
[WhiteFideId "3521010"]
[WhiteElo "2349"]
[BlackElo "2160"]
[Result "1-0"]
[Round "6"]
[TimeControl "180+1"]
[Date "2023.08.01"]
[WhiteClock "0:00:47"]
[BlackClock "0:00:06"]
[Board "192"]

1. d4 Nf6 2. Nf3 c5 3. Bf4 cxd4 4. c3 d5 5. cxd4 Nc6 6. Nc3 e6 7. e3 Nh5 8. Bg5 f6 9. Bh4 g6 10. Bd3 Bd6 11. a3 O-O 12. g4 Ng7 13. Bg3 e5 14. dxe5 fxe5 15. Nxd5 Bxg4 16. Be2 e4 17. Ng1 Bxg3 18. hxg3 Bxe2 19. Nxe2 Ne5 20. Ndf4 Nf3+ 21. Kf1 Qf6 22. Kg2 g5 23. Qd5+ Kh8 24. Qxe4 Nh4+ 25. gxh4 gxf4 26. Nxf4 Nh5 27. Rad1 Rg8+ 28. Kf1 Nxf4 29. Qxf4 Qxb2 30. Qd4+ Qxd4 31. Rxd4 Rac8 32. Ke2 Rg2 33. Rhd1 Rf8 34. Rf4 Rc8 35. Rd7 Rc2+ 36. Kf1 Rg8 37. Rff7 Rc1+ 38. Ke2 Rgc8 39. Rxh7+ Kg8 40. Rdg7+ Kf8 41. Rxb7 R1c2+ 42. Kf3 R2c3 43. Rh8# 1-0


[Site "https://www.chess.com"]

[Event "Titled Tuesday Blitz August 1 Early 2023"]
[White "Goswami, Vedant"]
[Black "Floresvillar Gonzalez, Luis Migu"]
[WhiteFideId "5003725"]
[BlackFideId "5100542"]
[WhiteElo "2345"]
[BlackElo "2126"]
[Result "0-1"]
[Round "6"]
[TimeControl "180+1"]
[Date "2023.08.01"]
[WhiteClock "0:00:03"]
[BlackClock "0:00:22"]
[Board "193"]

1. a3 d5 2. d4 Bf5 3. c4 e6 4. Nc3 c6 5. Nf3 Bd6 6. Bg5 Nf6 7. e3 h6 8. Bh4 Nbd7 9. Bd3 Bxd3 10. Qxd3 O-O 11. h3 Re8 12. e4 dxe4 13. Nxe4 Be7 14. Bg3 Nxe4 15. Qxe4 Nf6 16. Qc2 c5 17. dxc5 Bxc5 18. O-O Rc8 19. Rfd1 Qe7 20. b4 Bb6 21. Bd6 Qd7 22. Ne5 Qd8 23. Rd2 Bc7 24. Rad1 Bxd6 25. Rxd6 Qc7 26. Qe2 Rcd8 27. c5 Nd5 28. Rxd8 Rxd8 29. Nc4 Nc3 30. Rxd8+ Qxd8 31. Qe3 Nd5 32. Qg3 a6 33. Qd6 Qxd6 34. cxd6 Kf8 35. Ne5 f6 36. Nd7+ Ke8 37. Nc5 b6 38. Nxe6 Kd7 39. Nxg7 Kxd6 40. Nf5+ Ke5 41. Nxh6 Kd4 42. Nf7 Kc3 43. h4 Kb3 44. g3 Kxa3 45. h5 Ne7 46. h6 Ng6 47. Nd6 Kxb4 48. f4 a5 49. f5 Nh8 50. g4 a4 51. g5 fxg5 52. f6 a3 53. f7 Nxf7 54. Nxf7 a2 55. h7 a1=Q+ 56. Kg2 Qb2+ 57. Kg3 Qc3+ 58. Kg2 Qc2+ 59. Kg1 Qxh7 0-1


[Site "https://www.chess.com"]

[Event "Titled Tuesday Blitz August 1 Early 2023"]
[White "Skiadopoulos, Nikolaos"]
[Black "Pavlidou, Ekaterini"]
[WhiteFideId "4200772"]
[BlackFideId "4213262"]
[WhiteElo "1848"]
[BlackElo "2326"]
[Result "0-1"]
[Round "6"]
[TimeControl "180+1"]
[Date "2023.08.01"]
[WhiteClock "0:00:00"]
[BlackClock "0:01:23"]
[Board "194"]

1. e4 c5 2. b4 b6 3. bxc5 bxc5 4. Nc3 Nc6 5. Nf3 g6 6. Bb2 Bg7 7. Na4 Bxb2 8. Nxb2 d6 9. Bb5 Bd7 10. Bxc6 Bxc6 11. d3 Qa5+ 12. Qd2 Qxd2+ 13. Nxd2 Nf6 14. O-O Nd7 15. f4 a5 16. Nbc4 a4 17. Rab1 Kd8 18. a3 Kc7 19. Rb2 Rhb8 20. Rfb1 Rxb2 21. Rxb2 Rb8 22. Rxb8 Nxb8 23. Na5 e6 24. g4 Bb5 25. Kf2 d5 26. exd5 exd5 27. c4 Kb6 28. cxb5 Kxa5 29. Nf3 f6 30. g5 Nd7 31. h4 Kxb5 32. Ke3 Kc6 33. f5 gxf5 34. Kf4 fxg5+ 35. hxg5 c4 36. dxc4 dxc4 37. Kxf5 Kd5 0-1


[Site "https://www.chess.com"]

[Event "Titled Tuesday Blitz August 1 Early 2023"]
[White "Levine, David"]
[Black "Atakhan, Abtin"]
[WhiteFideId "2011611"]
[BlackFideId "22502203"]
[WhiteElo "2112"]
[BlackElo "2764"]
[Result "0-1"]
[Round "6"]
[TimeControl "180+1"]
[Date "2023.08.01"]
[WhiteClock "0:00:47"]
[BlackClock "0:01:14"]
[Board "195"]

1. d4 Nf6 2. c4 c6 3. g3 d5 4. cxd5 g6 5. dxc6 Nxc6 6. Nf3 Bg7 7. Bg2 O-O 8. O-O Bg4 9. Nc3 Bxf3 10. Bxf3 Qxd4 11. Qxd4 Nxd4 12. Bxb7 Rab8 13. Bg2 Rfc8 14. Be3 Nc2 15. Bxa7 Rxb2 16. Na4 Rb4 17. Nb6 Rxb6 18. Bxb6 Nxa1 19. Rxa1 Nd7 20. Rb1 Rb8 21. a4 Rxb6 22. Rxb6 Nxb6 23. a5 Nc4 24. a6 Bd4 25. e3 Bc5 26. Kf1 Kg7 27. Ke2 Kf6 28. Kd3 Nd6 29. Bc6 h5 30. f4 e5 31. e4 Bd4 32. Kc2 g5 33. Kb3 gxf4 34. gxf4 exf4 35. Kc2 Ke5 36. Kd3 f3 37. Bd7 Nxe4 0-1


[Site "https://www.chess.com"]

[Event "Titled Tuesday Blitz August 1 Early 2023"]
[White "EdmundPlayer"]
[Black "Khamdamova, Afruza"]
[BlackFideId "14210444"]
[WhiteElo "2268"]
[BlackElo "2486"]
[Result "0-1"]
[Round "6"]
[TimeControl "180+1"]
[Date "2023.08.01"]
[WhiteClock "0:00:00"]
[BlackClock "0:00:14"]
[Board "196"]

1. e4 e5 2. Nf3 Nc6 3. Bb5 a6 4. Ba4 Nf6 5. O-O Be7 6. d3 b5 7. Bb3 O-O 8. a3 d6 9. Nc3 Na5 10. Ba2 Bb7 11. Bg5 c5 12. Nh4 h6 13. Bxf6 Bxf6 14. Nf5 Nc6 15. Qg4 Kh8 16. Bd5 Rb8 17. Ne2 Nd4 18. Bxb7 Rxb7 19. c3 Nxf5 20. Qxf5 d5 21. Ng3 Rd7 22. Nh5 dxe4 23. dxe4 Rd2 24. b3 Qc8 25. Qf3 Qe6 26. c4 Rfd8 27. h3 Be7 28. Rfd1 bxc4 29. bxc4 Qxc4 30. Rxd2 Rxd2 31. Rd1 Rxd1+ 32. Qxd1 Qd4 33. Qg4 g6 34. Qc8+ Qd8 35. Qxd8+ Bxd8 36. Ng3 c4 37. Kf1 Ba5 38. Ke2 Kg7 39. Ke3 Bb6+ 40. Ke2 Bd4 41. Nf1 Kf6 42. Nd2 c3 43. Nb3 Ke6 44. Kd3 Kd6 45. f4 f6 46. g4 g5 47. f5 Kc6 48. Na5+ Kb5 49. Nc4 c2 0-1


[Site "https://www.chess.com"]

[Event "Titled Tuesday Blitz August 1 Early 2023"]
[White "Grossboss19"]
[Black "Warchol, Kamil"]
[BlackFideId "21858241"]
[WhiteElo "2471"]
[BlackElo "2265"]
[Result "1-0"]
[Round "6"]
[TimeControl "180+1"]
[Date "2023.08.01"]
[WhiteClock "0:01:22"]
[BlackClock "0:01:17"]
[Board "197"]

1. d4 Nf6 2. g3 e6 3. c4 d5 4. Nf3 Be7 5. Bg2 O-O 6. O-O dxc4 7. Ne5 Nbd7 8. Nxc4 c5 9. dxc5 Nxc5 10. Qxd8 Rxd8 11. Nc3 Nd5 12. Rd1 Nxc3 13. Rxd8+ Bxd8 14. bxc3 Bd7 15. Be3 Rc8 16. Nd6 Rc7 17. Bxc5 Rxc5 18. Nxb7 Rxc3 19. Rd1 Bg5 20. Rxd7 1-0


[Site "https://www.chess.com"]

[Event "Titled Tuesday Blitz August 1 Early 2023"]
[White "Polaczek, Richard"]
[Black "Thiel, Thomas"]
[WhiteFideId "200026"]
[BlackFideId "4615964"]
[WhiteElo "2440"]
[BlackElo "2254"]
[Result "1-0"]
[Round "6"]
[TimeControl "180+1"]
[Date "2023.08.01"]
[WhiteClock "0:00:09"]
[BlackClock "0:00:03"]
[Board "198"]

1. d4 d5 2. c4 dxc4 3. e3 e5 4. Bxc4 Nc6 5. Nf3 e4 6. Nfd2 Qg5 7. Nxe4 Qxg2 8. Ng3 Qh3 9. Qb3 Nh6 10. Nc3 Bd6 11. Nce4 O-O 12. Nxd6 cxd6 13. Bd2 Bg4 14. Bd5 Rfe8 15. Bc3 Rab8 16. Kd2 Be6 17. Rag1 Ng4 18. Bxe6 fxe6 19. d5 Nxf2 20. dxc6 bxc6 21. Qc4 Nxh1 22. Rxh1 c5 23. Qe4 e5 24. Nf5 d5 25. Qxd5+ Kh8 26. Qe4 Rbd8+ 27. Kc2 Rf8 28. Ng3 Rf2+ 29. Kb3 Qe6+ 30. Ka3 Qa6+ 31. Kb3 Qe6+ 32. Ka3 Qa6+ 33. Qa4 Qd6 34. Ne4 Qe7 35. Nxf2 c4+ 36. Qb4 1-0


[Site "https://www.chess.com"]

[Event "Titled Tuesday Blitz August 1 Early 2023"]
[White "Balla, Tamas-Kristof"]
[Black "Vaglio Munoz, Jaime"]
[WhiteFideId "1208497"]
[BlackFideId "6500145"]
[WhiteElo "2423"]
[BlackElo "2254"]
[Result "0-1"]
[Round "6"]
[TimeControl "180+1"]
[Date "2023.08.01"]
[WhiteClock "0:00:01"]
[BlackClock "0:01:32"]
[Board "199"]

1. e4 c5 2. c3 Qa5 3. Nf3 Nc6 4. Bc4 e6 5. O-O b5 6. Be2 Nf6 7. e5 Nd5 8. d4 c4 9. Bg5 h6 10. Bh4 Be7 11. Bxe7 Ncxe7 12. Nbd2 Rb8 13. Ne4 O-O 14. a3 Ng6 15. Re1 Bb7 16. Qd2 Qc7 17. Bf1 a5 18. Nd6 f5 19. Nxb5 Qd8 20. Nd6 Bc6 21. Bxc4 a4 22. Be2 Ngf4 23. c4 Nxe2+ 24. Rxe2 Ne7 25. Qf4 g5 26. Nxg5 Ng6 27. Qd2 Qxg5 28. f4 Nxf4 29. Rf2 Nh3+ 30. Kh1 Nxf2+ 31. Qxf2 Kh7 32. Re1 Rg8 33. Re2 Qc1+ 34. Re1 Bxg2+ 35. Kg1 Bh3+ 36. Kh1 Rxb2 37. Qh4 Bg2+ 38. Kg1 Qg5 0-1


[Site "https://www.chess.com"]

[Event "Titled Tuesday Blitz August 1 Early 2023"]
[White "Ionescu, Mihai"]
[Black "Smietanska, Wiktoria"]
[WhiteFideId "1202499"]
[BlackFideId "21869359"]
[WhiteElo "2402"]
[BlackElo "2251"]
[Result "0-1"]
[Round "6"]
[TimeControl "180+1"]
[Date "2023.08.01"]
[WhiteClock "0:00:00"]
[BlackClock "0:01:02"]
[Board "200"]

1. Nf3 Nf6 2. c4 g6 3. b3 Bg7 4. Bb2 O-O 5. g3 d6 6. Bg2 e5 7. d3 Nc6 8. O-O Nh5 9. a3 f5 10. Qc2 f4 11. b4 g5 12. Nbd2 g4 13. Ne1 Ne7 14. Ne4 Nf5 15. Qd2 Bh6 16. Qd1 c6 17. Nc2 Be6 18. d4 Bxc4 19. dxe5 dxe5 20. Re1 Qe7 0-1


[Site "https://www.chess.com"]